 Dungeon Crawl Stone Soup version 0.27-a0-1434-g6f15984924 (webtiles) character file.

Game seed: 11824134462600231480

202 blackman the Conjurer (level 5, 0/38 HPs)
             Began as a Draconian Conjurer on July 3, 2021.
             Was an Initiate of Gozag.
             Slain by a gnoll (4 damage)
             ... on level 4 of the Dungeon.
             The game lasted 00:23:27 (4203 turns).

blackman the Conjurer (Draconian Conjurer)          Turns: 4203, Time: 00:23:27

Health: 0/38       AC:  6    Str:  9    XL:     5   Next: 50%
Magic:  5/8        EV: 12    Int: 19    God:    Gozag
Gold:   48         SH:  0    Dex: 10    Spells: 1/8 levels left

rFire    . . .     SeeInvis .   s - +0 long sword
rCold    . . .     Faith    .   (no shield)
rNeg     . . .     Spirit   .   (armour unavailable)
rPois    .         Reflect  .   (helmet restricted)
rElec    .         Harm     .   (no cloak)
rCorr    .         Rampage  .   f - +0 pair of gloves
Will     .....                  (no boots)
Stlth    ++........             (no amulet)
HPRegen  0.12/turn              (no ring)
MPRegen  0.11/turn              (no ring)

@: hasted, very quick
A: AC +5, unfitting armour, cold-blooded
a: Renounce Religion, Potion Petition, Call Merchant, Bribe Branch


You were on level 4 of the Dungeon.
You worshipped Gozag.
Gozag was noncommittal.
You visited 2 branches of the dungeon, and saw 5 of its levels.

You collected 89 gold pieces.
You paid 41 gold pieces to Gozag.

Inventory:

Hand Weapons
 b - a +0 short sword
 s - a +0 long sword (weapon)
Armour
 f - a +0 pair of gloves (worn)
Jewellery
 l - an amulet of guardian spirit
Scrolls
 a - 3 scrolls of identify
 c - a scroll of enchant weapon {unknown}
 g - a scroll of amnesia {unknown}
 j - a scroll of teleportation {unknown}
 n - 2 scrolls of magic mapping {unknown}
 o - a scroll of noise {unknown}
 p - a scroll of silence {unknown}
Potions
 h - 2 potions of brilliance {unknown}
 i - 3 potions of lignification {unknown}
 k - a potion of degeneration {unknown}
 m - a potion of cancellation {unknown}
 q - a potion of attraction {unknown}
 r - a potion of might {unknown}


   Skills:
 - Level 2.2 Dodging
 - Level 2.3 Stealth
 - Level 2.3 Spellcasting
 * Level 6.2 Conjurations


You had one spell level left.
You knew the following spells:

 Your Spells              Type           Power      Damage    Failure   Level
a - Magic Dart            Conj           100%       1d8       1%          1
b - Searing Ray           Conj           52%        3d5       1%          2
c - Fulminant Prism       Conj/Hex       7%         3d7       41%         4

Your spell library contained the following spells:

 Spells                   Type           Power      Damage    Failure   Level
 Summon Small Mammal      Summ           8%         N/A       16%         1
 Dazzling Flash           Conj/Hex       28%        N/A       14%         3
 Iskenderun's Mystic Bla  Conj/Tloc      14%        2d5       41%         4
 Call Canine Familiar     Summ           2%         N/A       43%         3
 Summon Guardian Golem    Hex/Summ       2%         N/A       43%         3


Dungeon Overview and Level Annotations

Branches:
Dungeon (4/15)             Temple (1/1) D:4

Altars:
Ashenzari
Fedhas
Gozag
Makhleb
Okawaru
Qazlal
Trog
Vehumet
Yredelemnul
Zin


Innate Abilities, Weirdness & Mutations

Your plain brown scales are hard. (AC +5)
You cannot fit into any form of body armour.
You are cold-blooded and may be slowed by cold attacks.


Message History

Aiming: Magic Dart (safe; 1% risk of failure)
Press: ? - help, Shift-Dir - straight line, f - gnoll shaman
Aim: a gnoll shaman, wielding a +0 club and wearing a +0 robe (100% to hit)
The magic dart hits the gnoll shaman but does no damage.
The gnoll splashes around in the water.
The gnoll shaman hits you but does no damage.
You enter the shallow water.
Moving in this stuff is going to be slow.
The gnoll closely misses you.
Casting: Magic Dart (safe; 1% risk of failure)
Confirm with . or Enter, or press ? or * to list all spells.
Aiming: Magic Dart (safe; 1% risk of failure)
Press: ? - help, Shift-Dir - straight line, f/p - gnoll shaman
Aim: a gnoll shaman, wielding a +0 club and wearing a +0 robe (100% to hit)
The magic dart hits the gnoll shaman.
The gnoll shaman is lightly wounded.
The gnoll shaman hits you with a +0 club!
* * * LOW HITPOINT WARNING * * *
The gnoll hits you with a +0 club.
* * * LOW HITPOINT WARNING * * *
The gnoll shaman calls upon its god to heal the gnoll.
The gnoll's wounds heal themselves!
You enter the shallow water.
Moving in this stuff is going to be slow.
The gnoll shaman invokes the aid of its god against you.
You resist with some effort.
Blink to where?
Press: ? - help, Dir - move target, p - gnoll shaman
As you read the scroll of blinking, it crumbles to dust.
You feel yourself speed up.
You enter the shallow water.
Moving in this stuff is going to be slow.
You enter the shallow water.
Moving in this stuff is going to be slow.
There is a staircase back to the Dungeon here.
You climb upwards.
Welcome back to the Dungeon!
A quokka comes into view.
The gnoll hits you from afar with a +0 spear.
You die...
Your body crumbles into a pile of gold.

#.##.# #.## ###.##.#
...# #......###...# ..
#......#.....#.. #..#
#......#.#...#.#
#..#.##............?.##
..........r....<.......
#..#.##....g.#.....#...
.........@...#.....#
####...#..$.....####
.(......).......#
####...######.$....#
#.(. #...##.# .....
.....$ .# #.....
......... #.....
.......g..# #.....
...........<


You could see a gnoll and a quokka (wandering).

Vanquished Creatures
  A bullfrog zombie (D:3)
  A hound (D:4)
  An orc wizard (D:3)
  2 gnolls (D:4)
  3 adders
  A worm (D:3)
  2 dart slugs (D:2)
  2 orcs (D:3)
  6 bats
  5 endoplasms
  3 giant cockroaches
  3 goblins
  5 hobgoblins
  4 quokkas
  6 ball pythons
  A frilled lizard (D:2)
  5 kobolds
  7 rats
58 creatures vanquished.

Vanquished Creatures (others)
  A fulminant prism (D:4)
  50 plants (D:1)
51 creatures vanquished.

Grand Total: 109 creatures vanquished

Notes
Turn   | Place    | Note
-------+----------+-------------------------------------------
     0 | D:1      | blackman the Draconian Conjurer began the quest for the
                  | Orb.
     0 | D:1      | Reached XP level 1. HP: 14/14 MP: 3/3
   624 | D:1      | Reached XP level 2. HP: 20/20 MP: 3/5
   724 | D:1      | Found a faded altar of an unknown god.
  1535 | D:2      | Reached XP level 3. HP: 4/26 MP: 1/6
  1538 | D:2      | HP: 1/26 [poisoned by an adder]
  1864 | D:2      | Learned a level 2 spell: Searing Ray
  2924 | D:3      | Reached XP level 4. HP: 33/33 MP: 2/7
  2994 | D:3      | Reached skill level 5 in Conjurations
  3063 | D:3      | Learned a level 4 spell: Fulminant Prism
  3180 | D:3      | Found a stormy altar of Qazlal.
  3796 | D:3      | Reached XP level 5. HP: 26/38 MP: 2/8
  3920 | D:4      | Found a staircase to the Ecumenical Temple.
  3930 | Temple   | Entered the Ecumenical Temple
  3967 | Temple   | Became a worshipper of Gozag Ym Sagoz the Greedy
  4009 | D:4      | Reached skill level 6 in Conjurations
  4203 | D:4      | Slain by a gnoll

Illustrated notes

Levels and vault maps discovered:
D:1:      co_arrival_random_square_maze, layout_loops_cross,
          shapermc_ecumenical_altar_venn, minmay_misc_feat_rows,
          kennysheep_boxes
D:2:      layout_loops_ring
D:3:      layout_loops_ring, lemuel_doored_altar
D:4:      layout_basic, minmay_temple_entry_butterflies,
          chequers_serial_rivers_room_b, uniq_duvessa
Temple:   chequers_temple_sunken

Skill      XL: |  1  2  3  4  5 |
---------------+----------------+-----
Stealth        | 2 |  2.3
Dodging        | 2 |  2.2
Conjurations   | 5 6 |  6.2
Spellcasting   | |  2.3

Action                   |  1- 3 |  4- 6 || total
-------------------------+-------+-------++-------
Melee: Short sword       |    28 |     3 ||    31
       Tailslap          |     2 |       ||     2
 Cast: Magic Dart        |    77 |    32 ||   109
       Searing Ray       |     2 |     5 ||     7
       Fulminant Prism   |       |     1 ||     1
  Use: Scroll            |     2 |     1 ||     3
       Potion            |       |     1 ||     1
 Stab: Sleeping          |     2 |       ||     2
Armor: Skin              |    16 |     7 ||    23
Dodge: Dodged            |    30 |    17 ||    47
       Rpst.: Long sword |       |     1 ||     1

Table legend: (Time is in decaauts)
 A = Elapsed time spent in this place.
 B = Non-inter-level travel time spent in this place.
 C = Inter-level travel time spent in this place.
 D = Time resting spent in this place.
 E = Time spent auto-exploring this place.
 F = Levels seen in this place.
 G = Mean time per level.
                   A        B        C        D        E       F      G
               +--------+--------+--------+--------+--------+-----+--------+
         Total |   4228 |   3903 |    325 |   1476 |   1007 |   5 |  845.6 |
       Dungeon |   4065 |   3765 |    300 |   1429 |   1007 |   4 | 1016.2 |
        Temple |    163 |    138 |     25 |     47 |      0 |   1 |  163.0 |
               +--------+--------+--------+--------+--------+-----+--------+

Top non-repeatable levels by time:
     D:1: 1482 daAuts
     D:2: 1331 daAuts
     D:3: 1117 daAuts
  Temple: 163 daAuts
     D:4: 134 daAuts
